 Dungeon Crawl Stone Soup version 0.23.0-42-geed6394 (webtiles) character file.

Game seed: 16962468837425993507

179 Scud the Ducker (level 5, -3/26 HPs)
             Began as a Spriggan Warper on Feb 28, 2019.
             Slain by a worm (10 damage)
             ... on level 2 of the Dungeon.
             The game lasted 00:13:27 (3808 turns).

Scud the Ducker (Spriggan Warper)                   Turns: 3808, Time: 00:13:28

Health: -3/26      AC:  2    Str:  7    XL:     5   Next: 33%
Magic:  10/10      EV: 20    Int: 14    God:
Gold:   69         SH:  0    Dex: 17    Spells: 9/9 levels left

rFire    . . .     SeeInvis +   a - +0 short sword
rCold    . . .     Gourm    .   (shield restricted)
rNeg     . . .     Faith    .   b - +0 robe
rPois    .         Spirit   .   (helmet restricted)
rElec    .         Reflect  .   (no cloak)
rCorr    .         Harm     .   (gloves unavailable)
MR       .....                  (boots unavailable)
Stlth    ++........             (no amulet)
HPRegen  0.08/turn              (no ring)
MPRegen  0.12/turn              (no ring)

@: lethally poisoned (-3 -> -6), very quick
A: very small, unfitting armour, see invisible, herbivore, speed 3, slow
metabolism 2
a: no special abilities


You were on level 2 of the Dungeon.
You were not hungry.

You visited 1 branch of the dungeon, and saw 3 of its levels.

You collected 69 gold pieces.

Inventory:

Hand Weapons
 a - a +0 short sword (weapon)
 p - a +0 dagger of speed
Missiles
 e - a tomahawk of dispersal
 g - 28 stones (quivered)
Armour
 b - a +0 robe (worn)
Scrolls
 d - 2 scrolls of blinking
 h - 4 scrolls of teleportation {unknown}
 j - 2 scrolls of identify {unknown}
 k - a scroll of remove curse {unknown}
 m - 2 scrolls of enchant weapon {unknown}
 o - 3 scrolls of magic mapping {unknown}
Potions
 c - 2 potions of curing {unknown}
 i - a potion of agility {unknown}
 l - 2 potions of cancellation {unknown}
 n - a potion of lignification {unknown}
Comestibles
 f - 5 rations


   Skills:
 + Level 2.3 Fighting
 + Level 3.3 Short Blades
 + Level 2.9 Throwing
 + Level 5.1 Dodging
 + Level 1.8 Stealth
 + Level 2.9 Spellcasting
   Level 4.4 Translocations


You had 9 spell levels left.
You didn't know any spells.
Your spell library contained the following spells:

 Spells                   Type           Power        Failure   Level  Hunger
 Blink                    Tloc           N/A          5%          2    ##.....
 Gell's Gravitas          Tloc           ##........   11%         3    ###....
 Lesser Beckoning         Tloc           ##........   11%         3    ###....
 Teleport Other           Tloc           ##......     11%         3    ###....
 Shroud of Golubria       Chrm/Tloc      #.........   13%         2    ##.....
 Passage of Golubria      Tloc           N/A          34%         4    #####..


Dungeon Overview and Level Annotations

Branches:
Dungeon (3/15)

Altars:
Fedhas
Yredelemnul


Innate Abilities, Weirdness & Mutations

You are very small and have problems with some larger weapons.
You are too small for most types of armour.
You have supernaturally acute eyesight. (SInv)
You are a herbivore.
You cover ground extremely quickly.
You need to consume almost no food.


Message History

The orc is heavily wounded.
The orc closely misses you.
You hit the orc but do no damage.
The orc is heavily wounded.
The worm bites you. The orc completely misses you.
You hit the orc.
You kill the orc!
The worm closely misses you.
You feel sick.
Things that are here:
a +0 dagger; an orc corpse
There is a stone staircase leading down here.
You hit the worm but do no damage. The worm bites you.
You hit the worm but do no damage. You hit the worm.
The worm is lightly wounded.
The worm bites you!
You hit the worm but do no damage.
You feel sick.
You barely miss the worm. The worm bites you!
You die...

############..##.#####.# #.#.
.....................#.#######.#.
.############.##.###.#.........#.
.# #..#.# #.###########. .#
##.#.# #............. .# #...#
#>.########### .# ##..#
#..#.......# .# #.w# #..##.####.#
.# ##@# #..#....<#.# .# #)#
#..#######.# .# #.# #.........(#
.# #.# ##.######### .# #.# #.# .#
#.# #.# .# #)# #.# .# #.# #.# .#
#.# #.#


You could see a worm.

Vanquished Creatures
  An ogre (D:2)
  5 adders (D:2)
  A dart slug (D:1)
  A leopard gecko (D:1)
  An orc (D:2)
  A ball python (D:1)
  2 giant cockroaches
  8 goblins
  5 hobgoblins
  3 kobolds (D:1)
  7 bats
  5 frilled lizards
  12 rats
52 creatures vanquished.

Notes
Turn   | Place    | Note
-------+----------+-------------------------------------------
     0 | D:1      | Scud the Spriggan Warper began the quest for the Orb.
     0 | D:1      | Reached XP level 1. HP: 10/10 MP: 5/5
   576 | D:1      | Reached XP level 2. HP: 13/15 MP: 6/6
   680 | D:1      | Reached skill level 4 in Dodging
  1142 | D:1      | Reached XP level 3. HP: 16/18 MP: 8/8
  1225 | D:1      | Found a blossoming altar of Fedhas.
  1829 | D:2      | Reached skill level 1 in Stealth
  2209 | D:2      | Found a basalt altar of Yredelemnul.
  2411 | D:2      | Reached XP level 4. HP: 9/23 MP: 9/9
  3086 | D:2      | Noticed an ogre
  3162 | D:2      | HP: 1/23 [ogre/+0 giant club (17)]
  3377 | D:2      | Killed an ogre
  3377 | D:2      | Reached skill level 5 in Dodging
  3377 | D:2      | Reached XP level 5. HP: 13/26 MP: 10/10
  3808 | D:2      | Slain by a worm

Skill      XL: |  1  2  3  4 |
---------------+-------------+-----
Dodging        | 4 5 |  5.1
Fighting       | 2 |  2.3
Stealth        | 1 |  1.8
Short Blades   | 3 |  3.3
Throwing       | 2 |  2.9
Spellcasting   | |  2.9
Translocations | |  4.4

Action                   |  1- 3 |  4- 6 || total
-------------------------+-------+-------++-------
Melee: Short sword       |   186 |    52 ||   238
Throw: Tomahawk          |     4 |       ||     4
       Stone             |    90 |    75 ||   165
 Stab: Sleeping          |       |     1 ||     1
  Eat: Ration            |       |     1 ||     1
Armor: Robe              |    19 |     8 ||    27
Dodge: Dodged            |   180 |    46 ||   226
